 Dungeon Crawl Stone Soup version 0.15-a0-674-g7948ca6 (webtiles) character file.

259 PolkaDot the Cutter (level 5, 0/38 HPs)
             Began as a Vampire Gladiator on May 9, 2014.
             Was a Follower of Okawaru.
             Killed from afar by an orc wizard (7 damage)
             ... with a magic dart
             ... on Level 4 of the Dungeon.
             The game lasted 00:09:37 (2347 turns).

PolkaDot the Cutter (Vampire Gladiator)             Turns: 2347, Time: 00:09:37

HP   0/38        AC  5     Str 14      XL: 5   Next: 94%
MP   3/5         EV 16     Int 10      God: Okawaru [*.....]
Gold 97          SH  0     Dex 15      Spells:  0 memorised,  4 levels left

rFire  + . .     SeeInvis +     a - +0 cutlass
rCold  + . .     Clarity  .     b - +0 leather armour
rNeg   + + .     Conserve .     (no shield)
rPois  +         rCorr    .     k - +1 helmet
rElec  +         rRot     .     (no cloak)
SustAb . .       Spirit   .     (no gloves)
rMut   .         Warding  +     (no boots)
Saprov . . .     Stasis   .     c - amulet of warding
MR     .....                    (no ring)
                                m - ring of positive energy

@: regenerating quickly, slowed, heroism, very slow, not resistant to hostile
enchantments, fairly stealthy
A: fangs 3, see invisible, unbreathing
a: Heroism, Renounce Religion


You were on level 4 of the Dungeon.
You worshipped Okawaru.
Okawaru was aware of your devotion.
You were full.

You visited 1 branch of the dungeon, and saw 4 of its levels.

You collected 97 gold pieces.

Inventory:

Hand weapons
 a - a +0,+0 cutlass (weapon)
Missiles
 d - 4 throwing nets
 h - a dart (quivered)
 o - 21 stones
Armour
 b - a +0 leather armour (worn)
 k - a +1 helmet (worn)
Magical devices
 r - a wand of slowing (23)
Scrolls
 f - a scroll of fog {unknown}
 i - 4 scrolls of teleportation
 j - a scroll of immolation
 q - a scroll of recharging
Jewellery
 c - an amulet of warding (around neck)
 m - a ring of positive energy (left hand)
Potions
 e - a potion of resistance
 l - 4 potions of curing
 n - a potion of magic
 p - a potion of poison {!q}


   Skills:
 - Level 1.8(6.8) Fighting
 + Level 7.2(12.2) Short Blades
 - Level 1.7(6.7) Throwing
 - Level 3.4(8.4) Dodging


You had 4 spell levels left.
You didn't know any spells.

Dungeon Overview and Level Annotations

Branches:
Dungeon (4/15)
 Temple: D:4-7

Altars:
Cheibriados
Kikubaaqudgha
Okawaru


Innate Abilities, Weirdness & Mutations

Your natural rate of healing is unusually fast.
You have razor-sharp teeth.*
You have supernaturally acute eyesight.
You can survive without breathing.*


Message History

The orc wizard hits you but does no damage.
The orc priest's eyes start to glow.
Drink which item? (? for menu, Esc to quit)
You feel much better. The orc wizard hits you with a dagger.
The orc wizard hits you but does no damage.
The orc priest calls down the wrath of Beogh upon you.
Something smites you! The orc wizard casts a spell at you.
You feel as though you will be slow longer.
Use which ability? (? or * to list)
You gain the combat prowess of a mighty hero.
You feel slightly less full. The orc wizard casts a spell at you.
The magic dart hits you!
The orc priest invokes the aid of Beogh against you.
Something smites you!
* * * LOW HITPOINT WARNING * * *
The orc wizard casts a spell at you. The magic dart hits you!
You die...

### #<# #.# #.# #.#
#.# ########## #.#
#........# #@#
#........#
##o###........####
##.oo....oo.......#
#......####..o....#
#.......# .......
#.#.....# .......
#.#.....# ..oo...
#.#.>..... ....o.
#.##.#.### .....


You could see 2 orc priests and an orc wizard.

Vanquished Creatures
  3 vampire bats (D:2)
  An orc wizard (D:3)
  4 adders
  2 giant geckos
  An ooze (D:1)
  6 orcs (D:3)
  9 bats
  A bat skeleton (D:2)
  4 bat zombies (D:2)
  A giant cockroach (D:3)
  9 hobgoblins
  11 jackals
  4 kobolds
  A ball python (D:2)
  6 giant newts
  8 goblins
  A quokka (D:3)
  4 rats
76 creatures vanquished.

Notes
Turn   | Place    | Note
--------------------------------------------------------------
     0 | D:1      | PolkaDot, the Vampire Gladiator, began the quest for the Orb.
     0 | D:1      | Reached XP level 1. HP: 16/16 MP: 1/1
    97 | D:1      | Found an iron altar of Okawaru.
   213 | D:1      | Became a worshipper of Warmaster Okawaru
   276 | D:1      | Reached XP level 2. HP: 16/22 MP: 2/2
   362 | D:1      | Reached skill level 4 in Short Blades
   513 | D:1      | Reached XP level 3. HP: 23/27 MP: 3/3
   996 | D:2      | Reached skill level 5 in Short Blades
  1195 | D:2      | Reached XP level 4. HP: 17/33 MP: 4/4
  1436 | D:2      | Reached skill level 6 in Short Blades
  1436 | D:2      | Reached XP level 5. HP: 32/38 MP: 5/5
  1453 | D:2      | Found an ancient bone altar of Kikubaaqudgha.
  1803 | D:3      | Acquired Okawaru's first power
  1844 | D:3      | Found a snail-covered altar of Cheibriados.
  1952 | D:3      | Reached skill level 7 in Short Blades
  2347 | D:4      | Killed from afar by an orc wizard

Action                   |  1- 3 |  4- 6 || total
-------------------------+-------+-------++-------
Melee: Cutlass           |   140 |   157 ||   297
Throw: Throwing net      |     8 |       ||     8
       Dart              |     1 |       ||     1
Invok: Heroism           |       |     1 ||     1
Evoke: Wand              |       |     1 ||     1
  Use: Potion            |     1 |     4 ||     5
       Scroll            |       |     9 ||     9
